 Dungeon Crawl Stone Soup version 0.19.5 (webtiles) character file.

2284 strmesko the Destroyer (level 9, 0/46 HPs)
             Began as a Deep Elf Wizard on Apr 8, 2017.
             Succumbed to Psyche's poison
             ... while paralysed by Psyche
             ... on level 8 of the Dungeon.
             The game lasted 00:45:56 (6673 turns).

strmesko the Destroyer (Deep Elf Wizard)            Turns: 6673, Time: 00:45:58

Health: 0/46       AC:  3    Str:  8    XL:     9   Next: 17%
Magic:  7/24       EV:  2    Int: 27    God:
Gold:   86         SH:  0    Dex: 13    Spells: 6 memorised, 14 levels left

rFire  x . .     SeeInvis .     G - +8 spear of Jeteim {elec, Str+4}
rCold  + . .     Gourm    .     A - +0 robe
rNeg   . . .     Faith    .     (no shield)
rPois  .         Spirit   .     b - +0 hat
rElec  .         Reflect  .     (no cloak)
rCorr  .         Harm     .     (no gloves)
MR     .....                    f - +0 pair of boots
Stlth  ++........               x - amulet of magic regeneration
                                L - ring of ice
                                m - ring of wizardry

@: paralysed, lethally poisoned (0 -> -15), about to teleport, repel missiles
A: no striking features
a: no special abilities


You were on level 8 of the Dungeon.
You were not hungry.

You visited 2 branches of the dungeon, and saw 9 of its levels.
You also visited: Sewer.

You collected 476 gold pieces.
You spent 390 gold pieces at shops.

Inventory:

Hand Weapons
 z - a +2 dagger of draining
 G - the +8 spear of Jeteim (weapon) {elec, Str+4}
   (You found it on level 5 of the Dungeon)

   Occasionally, upon striking a foe, it will discharge some electrical energy
   and cause terrible harm.
   It affects your strength (+4).
Armour
 b - a +0 hat (worn)
 f - a +0 pair of boots (worn)
 A - a +0 robe (worn)
Jewellery
 m - a ring of wizardry (left hand)
 x - an amulet of magic regeneration (around neck)
 L - a ring of ice (right hand)
Wands
 F - a wand of digging (9/24)
 J - a wand of confusion (31/48)
 O - a wand of paralysis (13/24)
 Q - a wand of disintegration (2/24)
Scrolls
 e - 2 scrolls of remove curse
 g - a scroll of fog {unknown}
 n - 2 scrolls of random uselessness {unknown}
 r - a scroll of recharging {unknown}
 u - 3 scrolls of amnesia {unknown}
 y - 3 scrolls of enchant armour {unknown}
 B - 3 scrolls of teleportation {unknown}
 D - a scroll of fear {unknown}
 I - a scroll of magic mapping {unknown}
 N - a scroll of immolation {unknown}
 P - a scroll of enchant weapon {unknown}
Potions
 a - a potion of haste {unknown}
 k - 5 potions of curing
 l - a potion of lignification
 o - 2 potions of cancellation
 p - a potion of agility
 q - a potion of invisibility {unknown}
 t - a potion of cure mutation
 v - a potion of brilliance
 w - a potion of berserk rage {unknown}
 C - a potion of might {unknown}
 E - a potion of beneficial mutation
 K - 3 potions of flight
 M - 2 potions of heal wounds
Books
 c - a book of Minor Magic

   Spells                             Type                      Level
   a - Magic Dart                     Conjuration                  1
   b - Blink                          Translocation                2
   c - Call Imp                       Summoning                    2
   d - Repel Missiles                 Charms/Air                   2
   e - Slow                           Hexes                        2
   f - Conjure Flame                  Conjuration/Fire             3
   g - Mephitic Cloud                 Conjuration/Poison/Air       3
Comestibles
 d - 8 bread rations
 i - a beef jerky
 j - 8 fruits
 s - 2 meat rations
 H - 2 slices of pizza


   Skills:
 * Level 0.7 Fighting
 - Level 1.2 Short Blades
 - Level 2.4 Dodging
 - Level 2.4 Stealth
 + Level 9.9 Spellcasting
 * Level 10.8 Conjurations
   Level 1.1 Summonings
 - Level 1.1 Translocations


You had 14 spell levels left.
You knew the following spells:

 Your Spells              Type           Power        Failure   Level  Hunger
a - Magic Dart            Conj           ####         1%          1    None
b - Blink                 Tloc           N/A          1%          2    None
c - Slow                  Hex            ##......     4%          2    None
d - Repel Missiles        Chrm/Air       ##....       4%          2    None
e - Mephitic Cloud        Conj/Pois/Air  ####....     1%          3    None
f - Conjure Flame         Conj/Fire      #####...     1%          3    None


Dungeon Overview and Level Annotations

Branches:
Dungeon (8/15)             Temple (1/1) D:7
   Lair: D:8-11

Altars:
Ashenzari
Cheibriados
Elyvilon
Fedhas
Gozag
Hepliaklqana
Makhleb
Okawaru
Qazlal
Ru
Sif Muna
Trog
Uskayaw
Vehumet
Xom
Yredelemnul
Zin
The Shining One

Shops:
D:6 =   D:7 *

Annotations:
D:8 Psyche


Message History

Psyche is almost dead.
Psyche seems less confused.
Psyche hits you with a dagger of chaos.
* * * LOW HITPOINT WARNING * * *
You suddenly lose the ability to move!
Psyche hits you with a dagger of chaos.
* * * LOW HITPOINT WARNING * * *
Psyche gestures wildly while chanting.
Psyche seems to speed up.
Psyche hits you with a dagger of chaos.
* * * LOW HITPOINT WARNING * * *
You feel strangely unstable. Psyche hits you with a dagger of chaos.
* * * LOW HITPOINT WARNING * * *
You are lethally poisoned!
Psyche casts a spell.
Psyche flickers and vanishes!
Deactivating autopickup; reactivate with Ctrl-A.
* * * LOW HITPOINT WARNING * * *
You feel sick.
Something hits you but does no damage. x2
You are more poisoned.
You die...

#....####.........#
#....# #<....)...#
#....# ###########
#####....#
#.......##
#.(...)(# #....§(.#
#...).)(# #.)..)@.#
#..))).{#
#.............#
#.....########.#
#...... ......⌠.
...#.... ...#... ..
##..


There were no monsters in sight!

Vanquished Creatures
  3 orc warriors
  3 ogres
  2 centaurs (D:8)
  A big kobold (Sewer)
  5 scorpions
  3 wights
  A centaur zombie (D:5)
  A crimson imp (D:8)
  2 jellies (D:7)
  A centaur skeleton (D:7)
  5 orc priests
  Natasha (thrice) (D:3)
  2 iguanas
  Ijyb (D:3)
  11 orc wizards
  5 worker ants
  A killer bee zombie (D:7)
  2 hound zombies
  A hound skeleton (D:6)
  A howler monkey zombie (D:6)
  A worker ant zombie (D:8)
  6 adders
  2 river rats
  2 shadow imps (D:5)
  A worm (D:3)
  2 dart slugs
  4 leopard geckos
  22 orcs
  6 ball pythons
  7 giant cockroaches
  5 goblins
  5 hobgoblins
  12 jackals
  18 kobolds
  4 quokkas
  11 bats
  6 frilled lizards
  A leopard gecko skeleton (D:4)
  A leopard gecko zombie (D:5)
  A quokka skeleton (D:6)
  13 rats
184 creatures vanquished.

Vanquished Creatures (others)
  An ogre (D:8)
  A bullfrog (D:8)
  A howler monkey (D:8)
  A hound (D:8)
  An orc wizard (D:8)
  An orc (D:8)
6 creatures vanquished.

Grand Total: 190 creatures vanquished

Notes
Turn   | Place    | Note
-------+----------+-------------------------------------------
     0 | D:1      | strmesko the Deep Elf Wizard began the quest for the Orb.
     0 | D:1      | Reached XP level 1. HP: 10/10 MP: 7/7
   575 | D:1      | Reached skill level 5 in Spellcasting
   575 | D:1      | Reached XP level 2. HP: 15/15 MP: 6/10
  1109 | D:1      | Reached skill level 2 in Conjurations
  1188 | D:1      | Learned a level 2 spell: Blink
  1191 | D:1      | Learned a level 2 spell: Slow
  1450 | D:2      | Reached XP level 3. HP: 19/19 MP: 0/11
  1768 | D:2      | Found an iron altar of Okawaru.
  1849 | D:2      | Reached skill level 3 in Conjurations
  2183 | D:3      | Noticed Natasha
  2203 | D:3      | Killed Natasha
  2203 | D:3      | Reached skill level 4 in Conjurations
  2203 | D:3      | Reached XP level 4. HP: 6/24 MP: 1/13
  2220 | D:3      | Learned a level 2 spell: Repel Missiles
  2224 | D:3      | Learned a level 3 spell: Mephitic Cloud
  2228 | D:3      | Learned a level 3 spell: Conjure Flame
  2323 | D:3      | Noticed Natasha
  2354 | D:3      | Killed Natasha
  2392 | D:3      | Noticed Natasha
  2396 | D:3      | Killed Natasha
  2460 | D:3      | Found a glowing golden altar of the Shining One.
  2563 | D:3      | Reached XP level 5. HP: 28/28 MP: 10/14
  2590 | D:3      | Noticed Ijyb
  2600 | D:3      | Killed Ijyb
  2600 | D:3      | Reached skill level 5 in Conjurations
  2940 | D:3      | Noticed an orc warrior
  2957 | D:3      | HP: 1/28 [orc warrior/mace (11)]
  3041 | D:3      | Killed an orc warrior
  3041 | D:3      | Reached skill level 1 in Short Blades
  3041 | D:3      | Reached XP level 6. HP: 10/32 MP: 8/16
  3326 | D:4      | Reached skill level 6 in Conjurations
  3973 | D:4      | Reached skill level 7 in Conjurations
  3973 | D:4      | Reached XP level 7. HP: 36/36 MP: 14/18
  4202 | D:5      | Entered Level 5 of the Dungeon
  4213 | D:5      | Found a snail-covered altar of Cheibriados.
  4687 | D:5      | Got a transparent spear
  4688 | D:5      | Identified the +8 spear of Jeteim {elec, Str+4} (You found it on level 5 of the Dungeon)
  5048 | D:6      | Reached skill level 8 in Conjurations
  5200 | D:6      | Found a shimmering altar of Xom.
  5390 | D:6      | Found Keejujug's Jewellery Boutique.
  5432 | D:6      | Found a glowing drain.
  5447 | D:6      | Reached XP level 8. HP: 41/41 MP: 16/21
  5496 | Sewer    | Entered a sewer
  5619 | Sewer    | Reached skill level 9 in Conjurations
  5726 | Sewer    | Found a white marble altar of Elyvilon.
  5799 | D:6      | Bought an uncursed amulet of magic regeneration for 390 gold pieces
  6038 | D:7      | Found a staircase to the Ecumenical Temple.
  6117 | Temple   | Entered the Ecumenical Temple
  6282 | D:7      | Found Plog's Serpentskin Sales.
  6286 | D:7      | Found a deep blue altar of Sif Muna.
  6297 | D:7      | Found a burning altar of Makhleb.
  6340 | D:7      | Found a hazy altar of Hepliaklqana.
  6340 | D:7      | Found a stormy altar of Qazlal.
  6397 | D:8      | Reached skill level 10 in Conjurations
  6587 | D:8      | Reached XP level 9. HP: 37/45 MP: 15/24
  6642 | D:8      | Noticed Psyche
  6668 | D:8      | Paralysed by Psyche for 7 turns
  6672 | D:8      | HP: 1/46 [poisoned by Psyche]
  6673 | D:8      | Succumbed to Psyche's poison

Skill      XL: |  1  2  3  4  5  6  7  8 |
---------------+-------------------------+-----
Spellcasting   | 5 6 7 9 |  9.9
Conjurations   | 2 4 5 7 8 10 | 10.8
Short Blades   | 1 |  1.2
Fighting       | |  0.7
Dodging        | |  2.4
Stealth        | |  2.4
Summonings     | |  1.1
Translocations | |  1.1

Action                   |  1- 3 |  4- 6 |  7- 9 || total
-------------------------+-------+-------+-------++-------
Melee: Dagger            |     5 |    36 |    13 ||    54
       Spear             |       |       |   144 ||   144
 Cast: Magic Dart        |    93 |    81 |    83 ||   257
       Blink             |     2 |       |     3 ||     5
       Mephitic Cloud    |       |    12 |    34 ||    46
       Conjure Flame     |       |       |    17 ||    17
       Repel Missiles    |       |       |     2 ||     2
  Use: Scroll            |       |       |     9 ||     9
       Potion            |       |       |     1 ||     1
 Stab: Sleeping          |     5 |       |     3 ||     8
       Confused          |       |     3 |    10 ||    13
  Eat: Chunk             |     4 |     5 |     9 ||    18
Armor: Robe              |     7 |       |     9 ||    16
Dodge: Dodged            |    21 |    13 |    44 ||    78
       Deflected         |       |       |     2 ||     2
